 Dungeon Crawl Stone Soup version 0.28.0-45-g0d030f2227 (webtiles) character file.

Game seed: 1043486347816423648

30 Ablot the Grasshopper (level 3, -3/31 HPs)
             Began as a Gnoll Warper on Mar 31, 2022.
             Slain by Terence
             ... wielding a +2 flail of protection
              (6 damage)
             ... on level 2 of the Dungeon.
             The game lasted 00:02:33 (1812 turns).

Ablot the Grasshopper (Gnoll Warper)                Turns: 1812, Time: 00:02:34

Health: -3/31      AC:  3    Str: 12    XL:     3   Next: 18%
Magic:  3/9        EV: 12    Int: 12    God:
Gold:   55         SH:  0    Dex: 11    Spells: 10/12 levels left

rFire   . . .      SeeInvis .   a - +0 spear
rCold   . . .      Faith    .   (no shield)
rNeg    . . .      Spirit   .   b - +0 leather armour
rPois   .          Reflect  .   (no helmet)
rElec   .          Harm     .   (no cloak)
rCorr   .          Rampage  .   (no gloves)
Will    .....                   (no boots)
Stlth   +.........              (no amulet)
HPRegen 0.10/turn               (no ring)
MPRegen 0.11/turn               (no ring)

@: no status effects
A: fangs 1, strong nose, distributed training
a: no special abilities


You were on level 2 of the Dungeon.
You visited 1 branch of the dungeon, and saw 2 of its levels.

You collected 55 gold pieces.

Inventory:

Hand Weapons
 a - a +0 spear (weapon)
Missiles
 j - 30 bolts
 k - 22 stones (quivered)
Armour
 b - a +0 leather armour (worn)
Scrolls
 c - a scroll of blinking
 f - a scroll of fog {unknown}
 g - a scroll of teleportation {unknown}
 h - a scroll of noise {unknown}
 i - a scroll of identify {unknown}
 l - a scroll of magic mapping {unknown}
 n - a scroll of vulnerability {unknown}
Potions
 e - 2 potions of lignification {unknown}
 m - 2 potions of brilliance {unknown}


   Skills:
 + Level 4.5 Fighting
 + Level 0.6 Short Blades
 + Level 0.6 Long Blades
 + Level 0.6 Axes
 + Level 0.6 Maces & Flails
 + Level 4.5 Polearms
 + Level 0.6 Staves
 + Level 0.6 Slings
 + Level 0.6 Bows
 + Level 0.6 Crossbows
 + Level 2.5 Throwing
 + Level 2.5 Armour
 + Level 4.5 Dodging
 + Level 0.6 Stealth
 + Level 0.6 Shields
 + Level 0.6 Unarmed Combat
 + Level 5.0 Spellcasting
 + Level 0.4 Conjurations
 + Level 0.4 Hexes
 + Level 0.4 Summonings
 + Level 0.4 Necromancy
 + Level 5.4 Translocations
 + Level 0.4 Transmutations
 + Level 0.4 Fire Magic
 + Level 0.4 Ice Magic
 + Level 0.4 Air Magic
 + Level 0.4 Earth Magic
 + Level 0.4 Poison Magic
 + Level 0.8 Invocations
 + Level 0.6 Evocations


You had 10 spell levels left.
You knew the following spells:

 Your Spells              Type           Power      Damage    Failure   Level
a - Blink                 Tloc           30%        N/A       4%          2

Your spell library contained the following spells:

 Spells                   Type           Power      Damage    Failure   Level
 Gell's Gravitas          Tloc           15%        N/A       9%          3
 Lesser Beckoning         Tloc           15%        N/A       9%          3
 Teleport Other           Tloc           15%        N/A       9%          3
 Frozen Ramparts          Ice            8%         1d2       54%         3
 Manifold Assault         Tloc           15%        N/A       61%         5
 Ice Form                 Ice/Tmut       4%         N/A       91%         4
 Summon Ice Beast         Ice/Summ       4%         N/A       91%         4


Dungeon Overview and Level Annotations

Branches:
Dungeon (2/15)

Altars:

Annotations:
D:2 Terence


Innate Abilities, Weirdness & Mutations

You have very sharp teeth.
Your uncanny sense of smell can sniff out nearby items.
Your experience applies equally to all skills.


Message History

Okay, then.
You feel stable enough to blink again.
Casting: Blink (safe; 4% risk of failure)
Confirm with . or Enter, or press ? or * to list all spells.
You blink.
Throw: 2 boomerangs (disperse)
Press: ? - help, Q - select action, (/) - cycle Shift-Dir - straight line, f/p - Terence
Aim: Terence, wielding a +2 flail of protection and wearing a +0 scale mail (translocational energy, moderately wounded, 63% to hit)
You throw a boomerang of dispersal.
The boomerang of dispersal barely misses Terence.
Throw: boomerang (disperse)
Press: ? - help, Q - select action, (/) - cycle Shift-Dir - straight line, f/p - Terence
Aim: Terence, wielding a +2 flail of protection and wearing a +0 scale mail (moderately wounded, 63% to hit)
You throw a boomerang of dispersal.
The boomerang of dispersal hits Terence but does no damage.
Terence is moderately wounded.
Throw: 24 stones
Press: ? - help, Q - select action, (/) - cycle Shift-Dir - straight line, f/p - Terence
Aim: Terence, wielding a +2 flail of protection and wearing a +0 scale mail (moderately wounded, 63% to hit)
You throw a stone. The stone closely misses Terence.
Unknown command.
Throw: 23 stones
Press: ? - help, Q - select action, (/) - cycle Shift-Dir - straight line, f/p - Terence
Aim: Terence, wielding a +2 flail of protection and wearing a +0 scale mail (moderately wounded, 63% to hit)
You throw a stone.
The stone hits Terence but does no damage.
Terence is moderately wounded.
You feel stable enough to blink again. Terence misses you.
You hit Terence but do no damage.
Terence is moderately wounded.
Terence hits you with a +2 flail of protection.
* * * LOW HITPOINT WARNING * * *
You hit Terence but do no damage. Your bite misses Terence.
Terence is moderately wounded.
Terence barely misses you.
You barely miss Terence. You bite Terence, but do no damage.
Terence is moderately wounded.
Terence hits you with a +2 flail of protection.
You die...

.................+.........+<.
#######.###...####......[..###
#.####)######.......##
#.##......# ##.....##
#......##.# ##...## ####.#.##
# ##'## #.#..# #.# #.##.#
######.#### # #@#.##........#
#.##@#.##.##...#.####
#...(..##.....(......
####.####......#.####
#.####(.....#.#
#(..........#.#
######........# ##########


You could see Terence.

Vanquished Creatures
  2 endoplasms
  A giant cockroach (D:1)
  3 goblins
  4 hobgoblins
  3 quokkas (D:1)
  A ball python (D:1)
  4 bats
  A frilled lizard (D:2)
  4 kobolds
  4 rats
27 creatures vanquished.

Notes
Turn   | Place    | Note
-------+----------+-------------------------------------------
     0 | D:1      | Ablot the Gnoll Warper began the quest for the Orb.
     0 | D:1      | Reached XP level 1. HP: 20/20 MP: 6/6
    87 | D:1      | Reached XP level 2. HP: 15/25 MP: 7/7
    90 | D:1      | Learned a level 2 spell: Blink
  1198 | D:2      | Noticed Terence
  1602 | D:2      | Reached XP level 3. HP: 24/31 MP: 9/9
  1607 | D:2      | Reached skill level 5 in Spellcasting
  1812 | D:2      | Slain by Terence

Illustrated notes

Levels and vault maps discovered:
D:1:      tarquinn_simple_flora_water_f, layout_loops_ring, patterned_corridor
D:2:      cheibrodos_helix_gallery, layout_loops_corners, basic_altar,
          hellmonk_ecumenical_altar_slurped_away, uniq_crazy_yiuf_cottage,
          uniq_sigmund, uniq_terence

Skill      XL: |  1  2  3 |
---------------+----------+-----
Spellcasting   | 5 |  5.0
Fighting       | |  4.5
Short Blades   | |  0.6
Long Blades    | |  0.6
Axes           | |  0.6
Maces & Flails | |  0.6
Polearms       | |  4.5
Staves         | |  0.6
Slings         | |  0.6
Bows           | |  0.6
Crossbows      | |  0.6
Throwing       | |  2.5
Armour         | |  2.5
Dodging        | |  4.5
Stealth        | |  0.6
Shields        | |  0.6
Unarmed Combat | |  0.6
Conjurations   | |  0.4
Hexes          | |  0.4
Summonings     | |  0.4
Necromancy     | |  0.4
Translocations | |  5.4
Transmutations | |  0.4
Fire Magic     | |  0.4
Ice Magic      | |  0.4
Air Magic      | |  0.4
Earth Magic    | |  0.4
Poison Magic   | |  0.4
Invocations    | |  0.8
Evocations     | |  0.6

Action                   || total
-------------------------++-------
Melee: Spear             ||   122
       Bite              ||     8
       Punch             ||     1
Throw: Javelin           ||     7
       Boomerang         ||     5
       Stone             ||     2
 Cast: Blink             ||     6
 Stab: Sleeping          ||     1
Armor: Leather armour    ||    22
Dodge: Dodged            ||    63
